 Dungeon Sprint DCSS version 0.23.0 (webtiles) character file.

Game seed: 8322921640140721320

434 Infinimo the Martial Artist (level 6, -13/44 HPs)
             Began as a Demonspawn Transmuter on Feb 17, 2019.
             Was an Initiate of Okawaru.
             Succumbed to Sonja's curare-tipped needle
             ... in the Dungeon (Sprint I: "Red Sonja").
             The game lasted 00:01:56 (759 turns).

Infinimo the Martial Artist (Demonspawn Transmuter)  Turns: 759, Time: 00:01:56

Health: -13/44     AC:  2    Str: 12    XL:     6   Next: 68%
Magic:  3/9        EV: 19    Int: 14    God:    Okawaru [......]
Gold:   297        SH:  0    Dex: 19    Spells: 0/9 levels left

rFire    . . .     SeeInvis .     - Unarmed
rCold    . . .     Gourm    .   (shield currently unavailable)
rNeg     . . .     Faith    .   (armour currently unavailable)
rPois    x         Spirit   +   (helmet currently unavailable)
rElec    .         Reflect  .   (cloak currently unavailable)
rCorr    .         Harm     .   (gloves currently unavailable)
MR       .....     NoTele   +   (boots currently unavailable)
Stlth    ++........             (no amulet)
HPRegen  0.14/turn              (no ring)
MPRegen  0.11/turn              (no ring)

@: lethally poisoned (-13 -> -168), spider-form (expiring), slowed, very slow
A: tiny, rugged brown scales 1, powered by pain 1, magic shield
a: End Transformation, Renounce Religion


You were in the Dungeon.
You worshipped Okawaru.
Okawaru was noncommittal.
You were not hungry.
You were a venomous arachnid creature.
You visited 1 branch You collected 297 gold pieces.

Inventory:

Missiles
 a - 12 arrows
Armour
 b - a +0 robe (melded)
Jewellery
 i - an uncursed ring of wizardry {unknown}
Scrolls
 c - a scroll of enchant weapon {unknown}
 j - a scroll of blinking
Potions
 e - a potion of curing
 f - a potion of heal wounds
 g - a potion of haste
 h - 2 potions of magic
Comestibles
 d - a ration
 k - 4 chunks of flesh


   Skills:
 - Level 1.0 Fighting
 - Level 1.7 Dodging
 * Level 11.0 Unarmed Combat
 - Level 2.0 Spellcasting
 + Level 7.9 Transmutations


You couldn't memorise any spells.
You knew the following spells:

 Your Spells              Type           Power        Failure   Level  Hunger
a - Beastly Appendage     Tmut           ###...       4%          1    ##.....
b - Spider Form           Tmut/Pois      ##........   32%         3    ####...
c - Blade Hands           Tmut           ###.......   47%         5    ######.

Your spell library contained the following spells:

 Spells                   Type           Power        Failure   Level  Hunger
 Sticks to Snakes         Tmut           ###.....     6%          2    ###....
 Ice Form                 Ice/Tmut       ##......     65%         4    #####..


Dungeon Overview and Level Annotations

Branches:
Dungeon (1/1)

Altars:
Cheibriados
Dithmenos
Elyvilon
Fedhas
Gozag
Hepliaklqana
Kikubaaqudgha
Nemelex Xobeh
Okawaru
Qazlal
Ru
Sif Muna
Trog
Uskayaw
Vehumet
Wu Jian
Yredelemnul
Zin
The Shining One

Shops:
D [

Annotations:
D Sonja


Innate Abilities, Weirdness & Mutations

(You are partially covered in rugged brown scales. (AC +1, +3% HP))
You sometimes gain a little power by taking damage.
When hurt, damage is shared between your health and your magic reserves.


Message History

You focus on the pain.
You feel your power returning.
You are more poisoned. x2
Sonja hits you with a +2 dagger of venom.
Sonja is moderately wounded.
* * * LOW HITPOINT WARNING * * *
You feel extremely sick.
Sonja casts a spell.
Sonja blinks!
Unknown command.
Press < or > to pray at altars.
* * * LOW HITPOINT WARNING * * *
You feel extremely sick.
Sonja unwields a +2 dagger of venom.
It stops dripping with poison.
Sonja wields a +0 blowgun.
Sonja shoots a curare-tipped needle.
The curare-tipped needle hits you.
You are more poisoned.
You have difficulty breathing.
* * * LOW HITPOINT WARNING * * *
You feel yourself slow down.
You die...

#<.#..)..#..'..#
#..'[.#..').#..+
#..#####'#####'#
#..####..#...#.#
#..#__####.(##.#
#..#_____##'#_.+
#⌠⌠#_.∩...(K.÷_#
####_..__##_.#+#
#____s###'#
####### .# .K
.$# .## +#


There were no monsters in sight!

Vanquished Creatures
  A yak (D)
  Sigmund (D)
  An ogre (D)
  A jelly (D)
  Ijyb (D)
5 creatures vanquished.

Notes
Turn   | Place    | Note
-------+----------+-------------------------------------------
     0 | D        | Infinimo the Demonspawn Transmuter began the quest for the
                  | Orb.
     0 | D        | Reached XP level 1. HP: 15/15 MP: 3/3
     1 | D        | Noticed Ijyb
    14 | D        | Killed Ijyb
    14 | D        | Reached skill level 5 in Unarmed Combat
    14 | D        | Gained mutation: When hurt, damage is shared between your
                  | health and your magic reserves. [demonic ancestry]
    14 | D        | Reached XP level 2. HP: 21/21 MP: 5/5
   105 | D        | Noticed an ogre
   111 | D        | Killed an ogre
   111 | D        | Reached skill level 7 in Unarmed Combat
   111 | D        | Reached skill level 5 in Transmutations
   111 | D        | Reached XP level 3. HP: 26/26 MP: 6/6
   111 | D        | Reached XP level 4. HP: 32/32 MP: 7/7
   149 | D        | Learned a level 3 spell: Spider Form
   251 | D        | Noticed Sigmund
   260 | D        | Killed Sigmund
   260 | D        | Reached skill level 9 in Unarmed Combat
   260 | D        | Gained mutation: You are partially covered in rugged brown
                  | scales. (AC +1, +3% HP) [demonic ancestry]
   260 | D        | Reached XP level 5. HP: 17/38 MP: 2/8
   462 | D        | Found a deep blue altar of Sif Muna.
   463 | D        | Found an ornate altar of the Wu Jian Council.
   464 | D        | Found a radiant altar of Vehumet.
   467 | D        | Gained mutation: You sometimes gain a little power by
                  | taking damage. [demonic ancestry]
   467 | D        | Reached XP level 6. HP: 42/44 MP: 5/9
   508 | D        | Learned a level 5 spell: Blade Hands
   527 | D        | Found Luaguykue's Antique Armour Emporium.
   527 | D        | Found an ancient bone altar of Kikubaaqudgha.
   527 | D        | Found a hazy altar of Hepliaklqana.
   527 | D        | Found a hide-covered altar of Uskayaw.
   527 | D        | Found a basalt altar of Yredelemnul.
   527 | D        | Found an opulent altar of Gozag.
   527 | D        | Found a snail-covered altar of Cheibriados.
   527 | D        | Found a sacrificial altar of Ru.
   527 | D        | Found a shadowy altar of Dithmenos.
   527 | D        | Noticed a yak
   540 | D        | Found a stormy altar of Qazlal.
   540 | D        | Found a blossoming altar of Fedhas.
   540 | D        | Found a bloodstained altar of Trog.
   540 | D        | Found an iron altar of Okawaru.
   540 | D        | Found a glowing silver altar of Zin.
   543 | D        | Killed a yak
   543 | D        | Reached skill level 11 in Unarmed Combat
   733 | D        | Found a glowing golden altar of the Shining One.
   733 | D        | Found a white marble altar of Elyvilon.
   735 | D        | Found a sparkling altar of Nemelex Xobeh.
   740 | D        | Became a worshipper of Warmaster Okawaru
   747 | D        | Noticed Sonja
   758 | D        | HP: 2/44 [asphyx]
   759 | D        | Succumbed to Sonja's curare-tipped needle

Skill      XL: |  1  2  3  4  5  6 |
---------------+-------------------+-----
Unarmed Combat | 5 7 9 11 | 11.0
Transmutations | 3 5 6 7 |  7.9
Fighting       | |  1.0
Dodging        | |  1.7
Spellcasting   | |  2.0

Action                   |  1- 3 |  4- 6 || total
-------------------------+-------+-------++-------
Melee: Unarmed           |    17 |    24 ||    41
 Cast: Spider Form       |       |     4 ||     4
       Beastly Appendage |       |     1 ||     1
  Use: Potion            |     1 |       ||     1
Armor: Skin              |     2 |     1 ||     3
       Robe              |     1 |       ||     1
Dodge: Dodged            |     4 |    17 ||    21
